 Dungeon Crawl Stone Soup version 0.23.2-1-ga50397a6bc (webtiles) character file.

Game seed: 8217822921780002086

133309 MachJacob the Bludgeoner (level 17, -9/115 HPs)
             Began as a Gargoyle Fighter on Apr 23, 2019.
             Was a High Priest of Okawaru.
             Mangled by a tyrant leech (13 damage)
             ... on level 2 of the Swamp on Apr 24, 2019.
             The game lasted 02:26:46 (30503 turns).

MachJacob the Bludgeoner (Gargoyle Fighter)        Turns: 30503, Time: 02:26:47

Health: -9/115     AC: 41    Str: 22    XL:     17   Next: 14%
Magic:  0/22       EV:  5    Int: 14    God:    Okawaru [*****.]
Gold:   2824       SH: 19    Dex:  7    Spells: 16/16 levels left

rFire    + + .     SeeInvis +   a - +10 morningstar "Eos" {elec, Halo rElec}
rCold    + + +     Gourm    .   V - +0 large shield {rC+}
rNeg     + . .     Faith    .   S - +2 plate armour {rPois}
rPois    ∞         Spirit   +   H - +2 helmet {Int+3}
rElec    +         Reflect  .   J - scarf {rC+ rF+}
rCorr    .         Harm     .   c - +1 pair of gloves
MR       +++..                  K - +2 pair of boots of Koekkakk {rElec MR++ Dex-5 SInv}
Stlth    ..........             Z - amulet of guardian spirit
HPRegen  0.29/turn              h - ring of protection from fire
MPRegen  0.18/turn              n - ring of protection from cold

@: about to teleport, finesse, flying, slowed, glowing, very slow
A: big wings, negative energy resistance 1, electricity resistance, unbreathing,
petrification resistance, rot immunity, AC +12
a: Stop Flying, Heroism, Finesse, Renounce Religion


You were on level 2 of the Swamp.
You worshipped Okawaru.
Okawaru was extremely pleased with you.
You were not hungry.

You visited 4 branches of the dungeon, and saw 25 of its levels.
You also visited: Bailey and Ice Cave.

You collected 3266 gold pieces.
You spent 442 gold pieces at shops.

Inventory:

Hand Weapons
 a - the +10 morningstar "Eos" (weapon) {elec, Halo rElec}
   (You found it on level 5 of the Dungeon)

   Occasionally, upon striking a foe, it will discharge some electrical energy
   and cause terrible harm.
   It insulates you from electricity.
Missiles
 O - 6 tomahawks of returning (quivered)
Armour
 b - the +1 crystal plate armour of Nixkixamp {rN+ Str+3 Int+4 Dex-5}
   (Okawaru gifted it to you on level 15 of the Dungeon)

   It affects your strength (+3).
   It affects your intelligence (+4).
   It affects your dexterity (-5).
   It protects you from negative energy.
 c - a +1 pair of gloves (worn)
 o - a +3 chain mail of fire resistance
 z - +0 acid dragon scales
 H - a +2 helmet of intelligence (worn)
 J - a scarf of resistance (worn)
 K - the +2 pair of boots of Koekkakk (worn) {rElec MR++ Dex-5 SInv}
   (Okawaru gifted it to you on level 3 of the Lair of Beasts)

   It affects your dexterity (-5).
   It insulates you from electricity.
   It affects your resistance to hostile enchantments.
   It lets you see invisible.
 S - a +2 plate armour of poison resistance (worn)
 V - a +0 large shield of cold resistance (worn)
 Y - a scarf of repulsion
Jewellery
 h - a ring of protection from fire (left hand)
 n - a ring of protection from cold (right hand)
 p - an uncursed ring of ice
 w - an uncursed ring of magical power
 G - an uncursed amulet of rage
 Z - an amulet of guardian spirit (around neck)
Wands
 q - a wand of acid (14)
 x - a wand of disintegration (55)
 F - a wand of digging (22)
 N - a wand of paralysis (12)
 R - a wand of flame (20)
Scrolls
 e - 4 scrolls of enchant weapon
 g - 5 scrolls of fog
 i - 3 scrolls of enchant armour
 j - 6 scrolls of teleportation
 l - 11 scrolls of remove curse
 r - a scroll of brand weapon
 t - a scroll of blinking
 v - 5 scrolls of fear
 y - a scroll of amnesia
 A - a scroll of holy word
 B - 2 scrolls of immolation
 E - 3 scrolls of identify
 L - a scroll of summoning
 P - a scroll of silence {unknown}
 X - 3 scrolls of magic mapping
Potions
 d - 8 potions of might
 k - 3 potions of haste
 m - 11 potions of curing
 s - 6 potions of brilliance
 u - 2 potions of heal wounds
 C - a potion of magic {unknown}
 D - a potion of ambrosia
 M - 3 potions of lignification
 Q - a potion of invisibility
 T - 2 potions of resistance
 U - 2 potions of agility
 W - a potion of experience {unknown}
Comestibles
 f - 46 rations
 I - 14 chunks of flesh


   Skills:
 * Level 16.0 Fighting
 - Level 16.0 Maces & Flails
 + Level 6.2 Throwing
 + Level 14.4 Armour
 + Level 14.4 Shields
 + Level 7.4 Invocations


You had 16 spell levels left.
You didn't know any spells.
Your spell library contained the following spells:

 Spells                   Type           Power        Failure   Level  Hunger
 Beastly Appendage        Tmut           #.....       100%        1    ##.....
 Confusing Touch          Hex            #.....       100%        1    ##.....
 Corona                   Hex            #......      100%        1    ##.....
 Magic Dart               Conj           #...         100%        1    ##.....
 Blink                    Tloc           N/A          100%        2    ###....
 Call Imp                 Summ           #.......     100%        2    ###....
 Ensorcelled Hibernation  Hex/Ice        #.....       100%        2    ###....
 Slow                     Hex            #.......     100%        2    ###....
 Sticks to Snakes         Tmut           #.......     100%        2    ###....
 Confuse                  Hex            #.......     100%        3    ####...
 Conjure Flame            Conj/Fire      #.......     100%        3    ####...
 Dazzling Spray           Conj/Hex       #.....       100%        3    ####...
 Gell's Gravitas          Tloc           #.........   100%        3    ####...
 Inner Flame              Hex/Fire       #.......     100%        3    ####...
 Mephitic Cloud           Conj/Pois/Air  #.......     100%        3    ####...
 Portal Projectile        Hex/Tloc       #.....       100%        3    ####...
 Spider Form              Tmut/Pois      #.........   100%        3    ####...
 Tukima's Dance           Hex            #.......     100%        3    ####...
 Cause Fear               Hex            #.........   100%        4    #####..
 Ice Form                 Ice/Tmut       #.......     100%        4    #####..
 Leda's Liquefaction      Hex/Erth       #.........   100%        4    #####..
 Petrify                  Tmut/Erth      #.......     100%        4    #####..
 Blade Hands              Tmut           #.........   100%        5    ######.
 Bolt of Magma            Conj/Fire/Erth #.........   100%        5    ######.
 Iskenderun's Battlesphe  Conj/Chrm      #.......     100%        5    ######.
 Metabolic Englaciation   Hex/Ice        #.........   100%        5    ######.
 Venom Bolt               Conj/Pois      #.........   100%        5    ######.
 Yara's Violent Unravell  Hex/Tmut       #.........   100%        5    ######.
 Bolt of Cold             Conj/Ice       #.........   100%        6    #######
 Freezing Cloud           Conj/Ice/Air   #.........   100%        6    #######
 Iron Shot                Conj/Erth      #.........   100%        6    #######
 Ozocubu's Refrigeration  Ice            #.........   100%        6    #######
 Simulacrum               Ice/Necr       #.........   100%        6    #######
 Orb of Destruction       Conj           #.........   100%        7    #######
 Spellforged Servitor     Conj/Summ      #.........   100%        7    #######


Dungeon Overview and Level Annotations

Branches:
Dungeon (15/15)            Temple (0/1) D:5            Lair (6/6) D:8
  Swamp (2/4) Lair:4        Snake (0/4) Lair:3        Slime (0/5) Lair:5
    Orc (2/2) D:12            Elf (0/3) Orc:2        Vaults (0/5) D:13
 Depths (0/5) D:15

Altars:
Ashenzari
Elyvilon
Fedhas
Gozag
Kikubaaqudgha
Makhleb
Nemelex Xobeh
Okawaru
Qazlal
Sif Muna
Trog
Wu Jian
Xom

Shops:
D:5 :   D:9 !   D:10 }:[:[   D:13 !:[*   Orc:2 (=[*

Portals:
Trove: D:15 (give 3 potions of resistance)

Annotations:
D:3 1 runed translucent door, OmG's ghost, amateur SpEn
D:5 Blork the orc


Innate Abilities, Weirdness & Mutations

You are resistant to torment.
Your stone body is resilient. (AC +12)
You are immune to poison.
Your large and strong wings let you fly indefinitely.
You resist negative energy. (rN+)
You are resistant to electric shocks. (rElec)
You can survive without breathing.
You are immune to petrification.
You are immune to rotting.


Message History

As you read the scroll of teleportation, it crumbles to dust.
You feel strangely unstable. You block the tyrant leech's attack.
The tyrant leech bites you but does no damage.
The tyrant leech bites you!
* * * LOW HITPOINT WARNING * * *
You block the tyrant leech's attack.
A tyrant leech comes into view.
The moth of wrath goads the torpor snail on!
The torpor snail goes berserk!
The moth of wrath goads the swamp worm on!
The swamp worm goes berserk!
You feel much better. You block the tyrant leech's attack.
The tyrant leech bites you!!
* * * LOW HITPOINT WARNING * * *
You block the tyrant leech's attack.
The tyrant leech bites you but does no damage.
The tyrant leech closely misses you. The tyrant leech bites you!!
* * * LOW HITPOINT WARNING * * *
The tyrant leech bites you!
You die...

♣≈.≈.≈...♣♣♣♣♣
♣.≈≈≈§.≈≈≈≈.≈♣♣
♣≈....≈≈≈≈♣≈.$
♣♣.≈≈≈≈≈≈≈.≈.≈≈ ♣
♣≈.≈≈.≈≈♣≈.≈≈≈≈ ..
♣♣♣§≈♣§.≈≈≈≈.≈... ♣.
♣♣.....♣≈.....≈♣≈≈ ..♣♣♣
♣♣.....♣†w≈≈.≈≈≈≈≈♣
.♣..♣♣♣.♣.≈≈.≈yw@(≈.♣≈≈≈≈
...≈.♣....≈.≈..w♣w≈.≈≈≈≈≈
≈§≈.≈≈≈§≈≈≈...ww.≈.....≈[
.≈≈≈≈≈≈≈≈≈≈≈≈≈w......≈≈..
.≈≈≈#######≈≈w.♣≈≈...≈.≈≈
.≈≈## #P≈≈...≈..%....
≈≈≈# ≈w≈≈≈.≈≈≈≈≈≈≈≈..
.≈≈## ≈§#≈≈≈. ≈♣≈..≈≈≈
≈≈≈≈#######≈§≈♣ ..≈...§


You could see 7 tyrant leeches, 2 torpor snails and a moth of wrath.

Vanquished Creatures
  Gastronok (Orc:1)
  A thorn hunter (Swamp:1)
  An orc warlord (Orc:1)
  A frost giant (IceCv)
  An ettin (D:15)
  A fire dragon (Lair:6)
  Fannar (Orc:1)
  Harold (D:9)
  8 hydras
  3 catoblepae (Lair:6)
  2 vault guards (D:13)
  A shambling mangrove (Swamp:1)
  Erica (Orc:1)
  4 centaur warriors
  2 alligators (Swamp:1)
  11 two-headed ogres
  2 ogre magi (D:15)
  3 tengu warriors
  4 death yaks (Lair:6)
  5 orc high priests
  A deep elf knight (D:14)
  Nergalle (D:10)
  Sonja (Orc:1)
  17 slime creatures
  An unseen horror (D:10)
  A deep elf archer (D:14)
  5 orc knights
  3 wizards (D:13)
  5 lindwurms (Lair:6)
  4 orc sorcerers
  A mana viper (shapeshifter) (D:15)
  2 necromancers
  3 cyclopes (D:13)
  2 deep elf magi
  Pikel (D:5)
  13 ugly things
  2 manticores (Lair:6)
  19 elephants (Lair:6)
  6 black mambas
  8 torpor snails (Lair:6)
  3 gargoyles
  10 spiny frogs
  An efreet (D:13)
  6 komodo dragons
  A kobold demonologist (D:12)
  4 rime drakes
  A queen bee (D:13)
  A tengu conjurer (D:14)
  9 trolls
  8 tyrant leeches
  6 meliai
  2 bog bodies (Swamp:1)
  13 hornets
  16 polar bears
  9 dream sheep (Lair:6)
  15 blink frogs
  10 hippogriffs
  A vampire (D:14)
  2 spriggans (Swamp:1)
  A shadow (D:13)
  3 wyverns
  4 hogs (D:7)
  26 humans
  A steam dragon (D:8)
  48 yaks
  6 basilisks
  3 hungry ghosts
  7 vampire mosquitoes
  10 swamp worms
  Menkaure (D:5)
  A warg (Orc:2)
  2 acid dragons
  15 water moccasins
  5 porcupines
  3 sky beasts
  37 orc warriors
  4 ice beasts
  4 swamp drakes
  3 black bears (D:8)
  2 phantoms
  2 slaves (D:5)
  2 eyes of draining
  A necrophage (D:5)
  An eye of draining (shapeshifter) (D:14)
  11 ogres
  13 wolves
  16 centaurs
  26 crocodiles
  A gnoll sergeant (D:11)
  19 bullfrogs
  A wyvern skeleton (D:11)
  7 scorpions
  A water moccasin skeleton (D:5)
  32 killer bees
  4 electric eels
  A bullfrog zombie (D:5)
  3 howler monkeys
  11 crimson imps
  A jelly (D:7)
  Crazy Yiuf (D:2)
  5 hounds
  3 bullfrog skeletons
  13 orc priests
  7 centaur skeletons
  Jessica (D:3)
  Natasha (thrice) (D:3)
  Terence (D:1)
  A hell rat (Lair:6)
  12 iguanas
  43 orc wizards
  11 worker ants
  A hound zombie (D:6)
  A worker ant zombie (D:10)
  18 gnolls
  2 river rats (Lair:1)
  7 adders
  4 shadow imps
  12 white imps
  An adder skeleton (D:8)
  2 adder zombies
  2 worms
  3 dart slugs
  13 leopard geckos
  100 orcs
  9 bats
  6 giant cockroaches
  11 goblins
  12 hobgoblins
  4 jackals (D:1)
  6 quokkas
  A ball python (D:3)
  A ball python skeleton (D:4)
  13 frilled lizards
  13 kobolds
  A leopard gecko skeleton (D:4)
  11 rats
  A plant (Lair:6)
963 creatures vanquished.

Vanquished Creatures (others)
  2 orcs (Orc:1)
  A bush (Lair:6)
  4 fungi (Lair:6)
  12 plants
19 creatures vanquished.

Grand Total: 982 creatures vanquished

Notes
Turn   | Place    | Note
-------+----------+-------------------------------------------
     0 | D:1      | MachJacob the Gargoyle Fighter began the quest for the Orb.
     0 | D:1      | Reached XP level 1. HP: 14/14 MP: 1/1
   177 | D:1      | Reached XP level 2. HP: 19/19 MP: 2/2
   609 | D:1      | Reached XP level 3. HP: 24/24 MP: 3/3
   763 | D:2      | Noticed Terence
   774 | D:1      | Killed Terence
   903 | D:2      | Reached XP level 4. HP: 23/29 MP: 4/4
  1430 | D:2      | Found a runed translucent door.
  1431 | D:2      | Noticed Crazy Yiuf
  1952 | D:2      | Killed Crazy Yiuf
  1952 | D:2      | Reached XP level 5. HP: 34/34 MP: 5/5
  2414 | D:3      | Noticed Jessica
  2439 | D:3      | Killed Jessica
  2690 | D:3      | Found a runed translucent door.
  2723 | D:3      | Reached XP level 6. HP: 39/39 MP: 6/6
  2783 | D:3      | Found a bloodstained altar of Trog.
  2821 | D:3      | Noticed Natasha
  2829 | D:3      | Killed Natasha
  3051 | D:3      | Noticed Natasha
  3067 | D:3      | Killed Natasha
  3129 | D:3      | Noticed Natasha
  3138 | D:3      | Killed Natasha
  3161 | D:3      | Noticed OmG's ghost (amateur SpEn)
  3210 | D:4      | Reached skill level 5 in Maces & Flails
  3223 | D:4      | Found a stormy altar of Qazlal.
  3244 | D:4      | Found an iron altar of Okawaru.
  3248 | D:4      | Became a worshipper of Warmaster Okawaru
  3659 | D:4      | Found a sparkling altar of Nemelex Xobeh.
  3857 | D:4      | Found a deep blue altar of Sif Muna.
  3952 | D:5      | Entered Level 5 of the Dungeon
  3972 | D:5      | Reached skill level 5 in Fighting
  3998 | D:5      | Reached XP level 7. HP: 41/44 MP: 7/7
  4427 | D:5      | Noticed Menkaure
  4455 | D:5      | Noticed Blork the orc
  4472 | D:5      | Reached * piety under Okawaru
  4641 | D:5      | Found a blossoming altar of Fedhas.
  4656 | D:5      | Found the +10 morningstar "Eos" {elec, Halo rElec}
  4659 | D:5      | Found Lunufedd's Book Boutique.
  4721 | D:5      | Reached XP level 8. HP: 51/51 MP: 8/8
  4723 | D:5      | Noticed Pikel
  4746 | D:5      | Killed Pikel
  4746 | D:5      | Reached ** piety under Okawaru
  4746 | D:5      | Reached skill level 5 in Armour
  4746 | D:5      | Reached skill level 5 in Shields
  4801 | D:5      | Found an opulent altar of Gozag.
  4902 | D:5      | Found a staircase to the Ecumenical Temple.
  4910 | D:5      | Killed Menkaure
  4980 | D:5      | Found an ornate altar of the Wu Jian Council.
  5194 | D:6      | Reached XP level 9. HP: 56/56 MP: 9/9
  5275 | D:6      | Noticed a troll
  5429 | D:6      | Reached *** piety under Okawaru
  5451 | D:6      | Found a white marble altar of Elyvilon.
  5451 | D:6      | Found an ancient bone altar of Kikubaaqudgha.
  5452 | D:6      | Found a shimmering altar of Xom.
  5660 | D:6      | Killed a troll
  5660 | D:6      | Reached **** piety under Okawaru
  6103 | D:7      | Found a burning altar of Makhleb.
  6247 | D:7      | Reached XP level 10. HP: 64/64 MP: 10/10
  6910 | D:8      | Received a gift from Okawaru
  7031 | D:8      | Reached skill level 10 in Maces & Flails
  7064 | D:8      | Noticed a two-headed ogre
  7086 | D:8      | Killed a two-headed ogre
  7086 | D:8      | Reached ***** piety under Okawaru
  7352 | D:8      | Found a staircase to the Lair.
  7487 | D:8      | Received a gift from Okawaru
  7655 | D:8      | Reached XP level 11. HP: 69/69 MP: 11/11
  7906 | D:9      | Found a flagged portal.
  7941 | Bailey   | Entered a bailey
  8159 | Bailey   | Noticed an orc knight
  8170 | Bailey   | Killed an orc knight
  8194 | Bailey   | Found a burning altar of Makhleb.
  8255 | Bailey   | Got a twisted chain mail
  8256 | Bailey   | Identified the +4 chain mail of Wasted Space {Str+4} (You
                  | found it in a bailey)
  8535 | D:9      | Noticed Harold
  8539 | D:9      | Paralysed by Harold for 6 turns
  8570 | D:9      | Paralysed by Harold for 6 turns
  8579 | D:9      | Killed Harold
  8955 | D:9      | Found a shimmering altar of Xom.
  9026 | D:9      | Found Yrubog's Distillery.
  9410 | D:10     | Entered Level 10 of the Dungeon
  9566 | D:10     | Noticed an unseen horror
  9589 | D:10     | Killed an unseen horror
  9589 | D:10     | Received a gift from Okawaru
  9590 | D:10     | Got an ichor-stained mace {god gift}
  9624 | D:10     | Identified the +1 mace of Keug {crush, rN+ MR+ Int+2 Dex-3}
                  | (Okawaru gifted it to you on level 10 of the Dungeon)
  9647 | D:10     | Noticed Nergalle
  9673 | D:10     | Killed Nergalle
  9800 | D:10     | Found Dusiphif's Gadget Emporium.
 10154 | D:10     | Found Zaiq's Antique Armour Shoppe.
 10156 | D:10     | Found Riecoe Fene's Book Shop.
 10196 | D:10     | Found Muovejai's Antique Armour Boutique.
 10200 | D:10     | Found a shattered altar of Ashenzari.
 10241 | D:10     | Bought a glowing plate armour for 442 gold pieces
 10290 | D:10     | Found Estrighawk's Book Shop.
 10526 | D:10     | Received a gift from Okawaru
 10701 | D:10     | Reached ****** piety under Okawaru
 10733 | D:11     | Reached skill level 10 in Fighting
 10765 | D:11     | Reached XP level 12. HP: 67/77 MP: 12/12
 10986 | D:11     | Noticed a two-headed ogre
 11011 | D:11     | Killed a two-headed ogre
 11342 | Lair:1   | Entered Level 1 of the Lair of Beasts
 11363 | Lair:1   | Reached skill level 10 in Armour
 11363 | Lair:1   | Reached skill level 10 in Shields
 11438 | Lair:1   | Found a frozen archway.
 11451 | IceCv    | Entered an ice cave
 12136 | IceCv    | Noticed a frost giant
 12169 | IceCv    | Killed a frost giant
 12587 | Lair:1   | Received a gift from Okawaru
 12590 | Lair:1   | Reached XP level 13. HP: 84/84 MP: 13/13
 12598 | Lair:1   | Got a polished ring mail {god gift}
 12609 | Lair:1   | Identified the +5 ring mail of Okawaru's Favour {rElec
                  | rC+++ Str-5 SInv} (Okawaru gifted it to you on level 1 of
                  | the Lair of Beasts)
 14693 | Lair:3   | Found a staircase to the Snake Pit.
 14891 | Lair:3   | Received a gift from Okawaru
 14892 | Lair:3   | Got a pair of warped boots {god gift}
 14903 | Lair:3   | Identified the +2 pair of boots of Koekkakk {rElec MR++
                  | Dex-5 SInv} (Okawaru gifted it to you on level 3 of the
                  | Lair of Beasts)
 15953 | Lair:4   | Found a staircase to the Swamp.
 16623 | Lair:5   | Gained mutation: Your large and strong wings let you fly
                  | indefinitely. [Gargoyle growth]
 16623 | Lair:5   | Reached XP level 14. HP: 76/92 MP: 11/14
 17047 | Lair:5   | Found a staircase to the Slime Pits.
 17603 | D:12     | Reached skill level 15 in Maces & Flails
 18011 | D:12     | Found a staircase to the Orcish Mines.
 19305 | D:13     | Found Roleq's Distillery.
 19306 | D:13     | Found Ezuru's Book Shop.
 19324 | D:13     | Found Kydeul's Armour Shoppe.
 19361 | D:13     | Received a gift from Okawaru
 19803 | D:13     | Found Caseng's General Store.
 20008 | D:13     | Received a gift from Okawaru
 20106 | D:13     | Found a gate to the Vaults.
 20491 | D:14     | Reached XP level 15. HP: 98/98 MP: 15/15
 20665 | D:14     | Reached skill level 1 in Invocations
 20723 | D:14     | Reached skill level 1 in Throwing
 22235 | D:15     | Entered Level 15 of the Dungeon
 22419 | D:15     | Received a gift from Okawaru
 22606 | D:15     | Got an ichor-stained crystal plate armour {god gift}
 22610 | D:15     | Identified the +1 crystal plate armour of Nixkixamp {rN+
                  | Str+3 Int+4 Dex-5} (Okawaru gifted it to you on level 15 of
                  | the Dungeon)
 23156 | D:15     | Found a staircase to the Depths.
 23247 | D:15     | Found a portal to a secret trove of treasure.
 23498 | Orc:1    | Entered Level 1 of the Orcish Mines
 23523 | Orc:1    | Noticed Sonja
 23536 | Orc:1    | Killed Sonja
 23703 | Orc:1    | Noticed Erica
 23732 | Orc:1    | Killed Erica
 24151 | Orc:2    | Entered Level 2 of the Orcish Mines
 25467 | Orc:2    | Noticed an orc warlord
 25490 | Orc:1    | Killed an orc warlord
 25667 | Orc:2    | Received a gift from Okawaru
 25673 | Orc:2    | Reached XP level 16. HP: 107/107 MP: 19/19
 25698 | Orc:2    | Found Debref Ylips's General Store.
 25699 | Orc:2    | Found Entyskun's Jewellery Boutique.
 25700 | Orc:2    | Found Ecib's Antique Armour Boutique.
 25700 | Orc:2    | Found Wiykkexeh's Antique Weapon Shop.
 25730 | Orc:2    | Reached skill level 5 in Invocations
 25968 | Orc:2    | Found a staircase to the Elven Halls.
 26269 | Orc:1    | Noticed Gastronok
 26283 | Orc:1    | Killed Gastronok
 26311 | Orc:1    | Noticed Fannar
 26334 | Orc:1    | Killed Fannar
 26381 | Orc:1    | Received a gift from Okawaru
 26403 | Orc:1    | Got a polished chain mail {god gift}
 26404 | Orc:1    | Identified the +6 chain mail of the Heavens {+Fly} (Okawaru
                  | gifted it to you on level 1 of the Orcish Mines)
 26812 | Swamp:1  | Entered Level 1 of the Swamp
 27683 | Lair:6   | Entered Level 6 of the Lair of Beasts
 27795 | Lair:6   | Reached skill level 15 in Fighting
 28139 | Lair:6   | Reached skill level 5 in Throwing
 28510 | Lair:6   | Found a runed translucent door.
 28734 | Lair:6   | Received a gift from Okawaru
 29822 | Swamp:1  | Noticed a thorn hunter
 29836 | Swamp:1  | Killed a thorn hunter
 29836 | Swamp:1  | Reached XP level 17. HP: 115/115 MP: 22/22
 29863 | Swamp:1  | Received a gift from Okawaru
 30503 | Swamp:2  | HP: 4/115 [tyrant leech (20)]
 30503 | Swamp:2  | Mangled by a tyrant leech

Skill      XL: |  1  2  3  4  5  6  7  8  9 10 11 12 13 14 15 16 17 |
---------------+----------------------------------------------------+-----
Maces & Flails | 3 4 5 6 7 9 10 12 13 14 16 | 16.0
Fighting       | 4 5 6 7 8 10 11 12 13 14 15 16 | 16.0
Armour         | 4 6 7 8 9 10 11 12 13 14 | 14.4
Shields        | 4 5 7 8 9 10 11 12 13 14 | 14.4
Invocations    | 4 7 |  7.4
Throwing       | 4 6 |  6.2

Action                   |  1- 3 |  4- 6 |  7- 9 | 10-12 | 13-15 | 16-18 || total
-------------------------+-------+-------+-------+-------+-------+-------++-------
Melee: Flail             |   129 |   192 |       |       |       |       ||   321
       Mace              |       |    47 |    98 |       |       |       ||   145
       Morningstar       |       |       |    77 |   461 |  1145 |   618 ||  2301
Throw: Stone             |    31 |    61 |    37 |   203 |       |       ||   332
       Tomahawk          |       |       |       |    32 |   130 |    58 ||   220
Invok: Heroism           |       |       |       |     3 |       |       ||     3
       Finesse           |       |       |       |       |     2 |     2 ||     4
 Abil: Evoke Flight      |       |       |       |     2 |       |       ||     2
       Fly               |       |       |       |       |       |     2 ||     2
       Stop Flying       |       |       |       |       |       |     1 ||     1
Evoke: Wand              |       |       |       |     4 |       |       ||     4
  Use: Scroll            |     3 |     2 |     2 |    13 |    13 |     3 ||    36
       Potion            |       |       |       |     1 |     2 |     2 ||     5
  Eat: Chunk             |       |    11 |     7 |    22 |    35 |    10 ||    85
       Ration            |       |       |       |       |     2 |     2 ||     4
Armor: Scale mail        |    51 |       |       |       |       |       ||    51
       Chain mail        |     3 |    83 |       |    39 |       |       ||   125
       Plate armour      |       |    22 |   104 |   267 |   501 |   297 ||  1191
Dodge: Dodged            |    33 |    36 |    19 |   105 |   127 |    67 ||   387
       Deflected         |       |       |       |       |     5 |     2 ||     7
Block: Shield            |    66 |   100 |    75 |   277 |       |       ||   518
       Large shield      |       |       |       |     6 |   886 |   479 ||  1371
